 Dungeon Crawl Stone Soup version 0.27-a0-1245-g940ed4fa31 (webtiles) character file.

Game seed: 13201182093093884662

116874 wakim the Blocker (level 17, 0/125 HPs)
             Began as a Djinni Fire Elementalist on June 9, 2021.
             Was the Champion of Qazlal.
             Slain by a mana viper (3 damage)
             ... on level 1 of the Snake Pit on June 10, 2021.
             The game lasted 02:14:20 (43079 turns).

wakim the Blocker (Djinni Fire Elementalist)       Turns: 43079, Time: 02:14:21

Health: 0/125      AC: 11    Str:  7    XL:     17   Next: 27%
Gold:   958        EV: 19    Int: 21    God:    Qazlal [******] SH: 27 Dex: 17

rFire    + + +     SeeInvis +   a - +8 rapier of Seiqy {elec, +Blink}
rCold    + + .     Faith    .   k - +2 kite shield {rC+ rF+}
rNeg     . . .     Spirit   .   B - +1 robe {rC+}
rPois    ∞         Reflect  +   z - +2 hat
rElec    +         Harm     .   c - scarf {rC+ rF+}
rCorr    .         Rampage  .   h - +2 pair of gloves
Will     ++...                  (boots unavailable)
Stlth    +.........             G - amulet of Suspected Treachery {Reflect rPois Will+ SH+5}
HPRegen  0.30/turn              g - ring "Ypalukhui" {rElec rF+}
MPRegen  0.00/turn              D - ring of see invisible

@: protected from physical damage, flying, studying Invocations, repel missiles
A: sickness immunity, fire resistance 2, cold vulnerability 1, float, innate
caster, hp casting, extra vitality 1
a: Renounce Religion, Evoke Blink, Upheaval, Elemental Force, Disaster Area


You were on level 1 of the Snake Pit.
You worshipped Qazlal.
Qazlal was exalted by your worship.
You visited 5 branches of the dungeon, and saw 25 of its levels.
You also visited: Ice Cave.

You collected 3851 gold pieces.
You spent 2893 gold pieces at shops.

Inventory:

Hand Weapons
 a - the +8 rapier of Seiqy (weapon) {elec, +Blink}
   (You found it on level 6 of the Lair of Beasts)

   Occasionally, upon striking a foe, it can discharge electrical energy and
   cause terrible harm.
   It lets you blink.
 b - a +3 scimitar of draining
Missiles
 o - 3 curare-tipped darts {=f}
 q - 5 throwing nets {=f!f}
Armour
 c - a scarf of resistance (worn)
 h - a +2 pair of gloves (worn)
 k - a +2 kite shield of resistance (worn)
 m - a +0 kite shield of reflection
 p - the +1 ring mail of the Salamander {Will+}
   (You found it on level 8 of the Dungeon)

   It increases your willpower.
 z - a +2 hat (worn)
 B - a +1 robe of cold resistance (worn)
Jewellery
 g - the ring "Ypalukhui" (left hand) {rElec rF+}
   (You bought it in a shop on level 4 of the Dungeon)

   [ring of protection from fire]

   It protects you from fire.
   It insulates you from electricity.
 l - a ring of protection from cold
 n - the ring of Poedif {rN+ Int+6 Dex+7}
   (You acquired it on level 2 of the Orcish Mines)

   [ring of intelligence]

   It affects your intelligence (+6).
   It affects your dexterity (+7).
   It protects you from negative energy.
 s - a ring of wizardry
 D - a ring of see invisible (right hand)
 G - the amulet of Suspected Treachery (around neck) {Reflect rPois Will+ SH+5}
   (You bought it in a shop on level 15 of the Dungeon)

   [amulet of reflection]

   It reflects blocked missile attacks.
   It protects you from poison.
   It affects your SH (+5).
   It increases your willpower.
Wands
 t - a wand of digging (7)
 u - a wand of mindburst (24)
 v - a wand of flame (123)
 w - a wand of acid (18)
 x - a wand of iceblast (21)
 y - a wand of paralysis (12)
Scrolls
 d - a scroll of enchant weapon
 f - a scroll of torment {!r}
 j - 3 scrolls of enchant armour
 r - 4 scrolls of identify
 R - 5 scrolls of magic mapping {!r}
 S - a scroll of summoning
 T - 8 scrolls of teleportation
 U - 5 scrolls of fear
 X - 6 scrolls of fog
 Y - 5 scrolls of blinking {!r}
Potions
 e - 3 potions of haste
 i - 3 potions of resistance
 A - a potion of ambrosia
 C - a potion of berserk rage {!q}
 E - 3 potions of cancellation
 F - 11 potions of curing
 I - 3 potions of invisibility
 J - 5 potions of heal wounds
 K - a potion of magic
 N - a potion of might


   Skills:
 + Level 12.9 Fighting
 * Level 3.1 Short Blades
 - Level 12.0 Dodging
 - Level 1.5 Stealth
 * Level 13.5 Shields
 + Level 13.5 Spellcasting
 + Level 11.8 Invocations


You couldn't memorise any spells.
You knew the following spells:

 Your Spells              Type           Power      Damage    Failure   Level
a - Foxfire               Conj/Fire      100%       2x1d9     1%          1
b - Inner Flame           Hex/Fire       63%        N/A       1%          3
c - Magic Dart            Conj           100%       1d8       1%          1
d - Conjure Flame         Conj/Fire      63%        6-21      1%          3
e - Lesser Beckoning      Tloc           31%        N/A       1%          3
f - Vampiric Draining     Necr           31%        2d10      1%          3
g - Manifold Assault      Tloc           63%        N/A       1%          5
h - Starburst             Conj/Fire      31%        8x6d10    3%          6
i - Malign Gateway        Summ/Tloc      31%        N/A       19%         7
q - Sticky Flame          Conj/Fire      63%        2d8       1%          4
s - Searing Ray           Conj           100%       3d7       1%          2
v - Passage of Golubria   Tloc           N/A        N/A       1%          4
x - Fireball              Conj/Fire      31%        3d13      1%          5
Your spell library was empty.

Dungeon Overview and Level Annotations

Branches:
Dungeon (15/15) Temple (1/1) D:5 Lair (6/6) D:10 Shoals (0/4) Lair:3 Snake (1/4) Lair:3 Slime (0/5) Lair:6 Orc (2/2) D:10 Elf (0/3) Orc:2 Vaults (0/5) D:13 D:14 Depths (0/5) D:15 IceCv (visited)

Altars:
Ashenzari
Cheibriados
Dithmenos
Elyvilon
Fedhas
Gozag
Hepliaklqana
Kikubaaqudgha
Makhleb
Nemelex Xobeh
Okawaru
Qazlal
Ru
Sif Muna
Trog
Uskayaw
Vehumet
Wu Jian
Xom
Yredelemnul
Zin
The Shining One
Beogh

Shops:
D:4 **((   D:7 (   D:15 *=   Orc:2 **??[

Annotations:
D:13 3 runed translucent doors


Innate Abilities, Weirdness & Mutations

You are immune to sickness and miasma.
You are immune to poison.
Your flesh is very heat resistant. (rF++)
You are vulnerable to cold. (rC-)
You float through the air rather than walking.
You learn spells naturally, not from books.
Your magical power is your life essence.
You have superior vitality. (+4 HP)


Message History

* * * LOW HITPOINT WARNING * * *
The black mamba explodes!
The fiery explosion engulfs the anaconda!!
You kill the anaconda!
Qazlal accepts your kill.
The fiery explosion engulfs the shock serpent!!
You kill the shock serpent!
Qazlal accepts your kill.
You hear a sizzling sound!
The air sparks with electricity, shocking you!
You resist.
* * * LOW HITPOINT WARNING * * *
Your resistance to fire fades away.
You feel protected from electricity. The naga mage spits poison at you.
The splash of poison is repelled.
Your Short Blades skill increases to level 3!
The naga warrior's grasp on you weakens, but your attempt to escape fails.
You hear a shout!
The naga warrior is engulfed in blazing flames.
The naga warrior hits you with a +0 scimitar!
* * * LOW HITPOINT WARNING * * *
Your resistance to electricity fades away.
You feel protected from physical attacks.
* * * LOW HITPOINT WARNING * * *
The naga warrior constricts you.
You escape the naga warrior's grasp.
The naga mage no longer looks unusually strong.
The mana viper is engulfed in blazing flames.
The mana viper completely misses you.
The naga mage is engulfed in freezing vapours.
The naga mage spits poison at you.
The splash of poison is repelled.
The naga warrior is engulfed in blazing flames.
The naga warrior spits poison at you.
The splash of poison reflects off an invisible shield around you!
The splash of poison hits the naga warrior.
The mana viper is engulfed in blazing flames.
The mana viper bites you.
You die...

#.............
#.............
#...^.........
##.............
.#####..............
....................
.........○....(.....
.[.....§NS§.<.......
......§○§§@§........
.......)§N..........
......§§☼°..........
......#.......#.....
...N##.......##.....
.(. #(.((...# ....
.. #...P(..# .... .
........# ..(......#


You could see a naga warrior (catching breath), a mana viper, a naga mage (fast,
catching breath) and a naga (strong).

Vanquished Creatures
  A fire giant (D:15)
  2 orc warlords (Orc:2)
  Azrael (D:12)
  A rakshasa (D:13)
  7 boulder beetles
  11 hydras
  Fannar (D:11)
  6 centaur warriors
  2 anacondas (Snake:1)
  A merfolk avatar (Lair:6)
  A death knight (D:11)
  5 death yaks
  A shock serpent (Snake:1)
  2 two-headed ogres
  3 orc high priests (Orc:2)
  Urug (D:14)
  6 skeletal warriors
  2 sea snakes
  A deep elf archer (D:14)
  An obsidian statue (D:14)
  A lindwurm (Lair:4)
  5 orc knights
  2 harpies (Lair:6)
  A deep elf pyromancer (D:12)
  A wolf spider (D:14)
  A phantasmal warrior (D:11)
  8 orc sorcerers
  A necromancer (IceCv)
  4 manticores
  15 ugly things
  4 cyclopes
  12 elephants
  10 black mambas
  The ghost of Ge0ff the Chopper, a novice DDFi of Okawaru (D:8)
  A guardian serpent (Snake:1)
  18 cane toads
  Joseph (D:9)
  2 ice statues (IceCv)
  4 molten gargoyles (D:10)
  9 rime drakes
  An unseen horror (D:10)
  4 efreet
  13 komodo dragons
  2 freezing wraiths
  2 tengu conjurers (D:14)
  9 ice devils (IceCv)
  7 trolls
  5 polar bears
  A jumping spider (shapeshifter) (D:15)
  6 hornets
  2 wind drakes
  8 blink frogs
  15 slime creatures
  Prince Ribbit (D:9)
  Sigmund (D:2)
  A spriggan (shapeshifter) (D:14)
  A wraith (D:11)
  2 vampires
  2 fire elementals
  12 wyverns
  41 yaks
  Grum (D:9)
  15 humans
  A steam dragon (D:8)
  Menkaure (D:6)
  5 basilisks
  A naga (Snake:1)
  2 wargs (Orc:2)
  4 acid dragons
  3 hell hounds
  19 water moccasins
  An ice beast (D:8)
  28 orc warriors
  A swamp drake (D:10)
  4 black bears
  A necrophage (D:6)
  4 ogres
  21 wolves
  17 centaurs
  3 kobold brigands
  Blork the orc (D:5)
  7 gnoll sergeants
  2 scorpions
  12 bullfrogs
  18 killer bees
  6 wights
  3 electric eels
  4 howler monkeys
  A lava snake (D:10)
  A draconian simulacrum (IceCv)
  5 centaur zombies
  11 hounds
  Crazy Yiuf (D:2)
  2 bullfrog skeletons (D:5)
  4 jellies
  23 orc priests
  3 gnoll shamans
  4 hell rats (Lair:4)
  26 orc wizards
  A spriggan simulacrum (IceCv)
  A killer bee zombie (D:5)
  4 centaur simulacra
  A killer bee simulacrum (D:8)
  2 howler monkey zombies
  32 gnolls
  9 adders
  4 naga simulacra (IceCv)
  2 ogre simulacra (IceCv)
  2 white imps (D:6)
  An ufetubus (D:5)
  A worm (D:2)
  A dart slug (D:4)
  72 orcs
  5 ball pythons (D:1)
  6 endoplasms
  A giant cockroach (D:3)
  6 hobgoblins
  9 jackals
  4 quokkas
  3 bats (D:2)
  3 frilled lizards
  8 goblins
  12 kobolds
  4 rats
  2 rat zombies (D:12)
  A bush (Lair:6)
756 creatures vanquished.

Vanquished Creatures (collateral kills)
  A catoblepas (Lair:2)
  A cane toad (Lair:3)
  A komodo dragon (Lair:3)
  A wolf (Lair:3)
4 creatures vanquished.

Vanquished Creatures (others)
  An eldritch tentacle (Orc:2)
  A human (D:14)
  An orc wizard (Orc:2)
  A bush (Lair:6)
  438 foxfires
  49 fungi
  99 plants
590 creatures vanquished.

Grand Total: 1350 creatures vanquished

Notes
Turn   | Place    | Note
-------+----------+-------------------------------------------
     0 | D:1      | wakim the Djinni Fire Elementalist began the quest for the
                  | Orb.
     0 | D:1      | Reached XP level 1. HP: 15/15 MP: 0/0
   435 | D:1      | Reached XP level 2. HP: 20/22 MP: 0/0
  1503 | D:2      | Reached skill level 1 in Fighting
  1600 | D:2      | Reached XP level 3. HP: 20/27 MP: 0/0
  1600 | D:2      | Learned a level 1 spell: Magic Dart
  1752 | D:2      | Noticed Sigmund
  1757 | D:2      | Killed Sigmund
  1758 | D:2      | Reached XP level 4. HP: 28/34 MP: 0/0
  1758 | D:2      | Reached XP level 5. HP: 33/40 MP: 0/0
  1758 | D:2      | Learned a level 2 spell: Searing Ray
  1758 | D:2      | Reached XP level 6. HP: 37/45 MP: 0/0
  2389 | D:2      | Found a runed translucent door.
  2390 | D:2      | Noticed Crazy Yiuf
  2403 | D:2      | Killed Crazy Yiuf
  3581 | D:3      | Found a faded altar of an unknown god.
  4265 | D:4      | Reached XP level 7. HP: 42/50 MP: 0/0
  4265 | D:4      | Learned a level 3 spell: Lesser Beckoning
  4410 | D:4      | Found Lefuguo's General Store.
  4453 | D:4      | Found a shimmering altar of Xom.
  4453 | D:4      | Found Zaupn's Weapon Shop.
  4510 | D:4      | Reached skill level 5 in Spellcasting
  4706 | D:4      | Found Qenaijokisch's Assorted Antiques.
  4712 | D:4      | Bought a translucent brass ring for 90 gold pieces
  4712 | D:4      | Identified the ring "Ypalukhui" {rElec rF+} (You bought it
                  | in a shop on level 4 of the Dungeon)
  4712 | D:4      | Bought a golden potion for 16 gold pieces
  4713 | D:4      | Bought a runed leather armour for 90 gold pieces
  5042 | D:4      | Found Vonnen's Antique Weapon Shop.
  5083 | D:4      | Found a glowing silver altar of Zin.
  5110 | D:5      | Entered Level 5 of the Dungeon
  5150 | D:5      | Found a glowing golden altar of the Shining One.
  5507 | D:4      | Reached XP level 8. HP: 33/58 MP: 0/0
  5815 | D:5      | Noticed Blork the orc
  5823 | D:5      | Killed Blork the orc
  5939 | D:5      | Found a staircase to the Ecumenical Temple.
  5945 | Temple   | Entered the Ecumenical Temple
  6244 | Temple   | Became a worshipper of Qazlal Stormbringer
  6585 | D:5      | Reached skill level 5 in Fighting
  6966 | D:6      | Noticed Menkaure
  6973 | D:6      | Killed Menkaure
  7277 | D:6      | Found a sacrificial altar of Ru.
  7287 | D:6      | Reached XP level 9. HP: 62/66 MP: 0/0
  7287 | D:6      | Learned a level 3 spell: Vampiric Draining
  7753 | D:6      | Noticed a troll
  7790 | D:6      | Killed a troll
  7790 | D:6      | Reached * piety under Qazlal
  9164 | D:7      | Reached skill level 1 in Invocations
  9309 | D:7      | Reached XP level 10. HP: 65/75 MP: 0/0
  9612 | D:7      | Reached ** piety under Qazlal
  9622 | D:7      | Found Sohilimm's Weapon Emporium.
  9815 | D:7      | Found a snail-covered altar of Cheibriados.
 10319 | D:8      | Found a runed translucent gate.
 10319 | D:8      | Found a runed translucent gate.
 10319 | D:8      | Found a runed translucent gate.
 10424 | D:8      | Identified the +1 ring mail of the Salamander {Will+}
 10434 | D:8      | Reached skill level 1 in Shields
 10436 | D:8      | Reached skill level 5 in Dodging
 10674 | D:8      | Noticed a cyclops
 10977 | D:8      | Killed a cyclops
 11174 | D:8      | Found an iron altar of Okawaru.
 11599 | D:8      | Noticed Ge0ff's ghost (novice DDFi)
 12289 | D:8      | Reached XP level 11. HP: 56/79 MP: 0/0
 12289 | D:8      | Learned a level 4 spell: Passage of Golubria
 12753 | D:9      | Noticed Prince Ribbit
 12755 | D:9      | Reached *** piety under Qazlal
 12764 | D:9      | Killed Prince Ribbit
 13160 | D:9      | Reached skill level 5 in Invocations
 13383 | D:9      | Reached skill level 5 in Shields
 13640 | D:9      | Noticed Joseph
 13644 | D:9      | Killed Joseph
 13766 | D:9      | Noticed Grum
 13773 | D:9      | Killed Grum
 14058 | D:9      | Found a sparkling altar of Nemelex Xobeh.
 14226 | D:9      | Found a hide-covered altar of Uskayaw.
 14232 | D:9      | Identified a scroll of acquirement
 14232 | D:9      | Acquired 670 gold pieces
 14289 | D:10     | Entered Level 10 of the Dungeon
 14513 | D:10     | Reached **** piety under Qazlal
 14693 | D:10     | Found a staircase to the Lair.
 14861 | D:10     | Found a shadowy altar of Dithmenos.
 15823 | D:10     | Reached XP level 12. HP: 80/85 MP: 0/0
 15850 | D:10     | Found a white marble altar of Elyvilon.
 16387 | D:10     | Found a staircase to the Orcish Mines.
 17058 | D:11     | Noticed a skeletal warrior
 17067 | D:11     | Killed a skeletal warrior
 17070 | D:11     | Reached skill level 10 in Spellcasting
 17077 | D:11     | Noticed a death knight
 17086 | D:11     | Killed a death knight
 17774 | D:11     | Noticed Fannar
 17782 | D:11     | Killed Fannar
 17985 | D:11     | Noticed a five-headed hydra
 17990 | D:11     | Killed a five-headed hydra
 18426 | D:12     | Noticed a two-headed ogre
 18427 | D:12     | Noticed Azrael
 18431 | D:12     | Killed a two-headed ogre
 18528 | Lair:1   | Entered Level 1 of the Lair of Beasts
 19115 | Lair:1   | Noticed a four-headed hydra
 19122 | Lair:1   | Killed a four-headed hydra
 19123 | Lair:1   | Reached XP level 13. HP: 76/92 MP: 0/0
 19123 | Lair:1   | Learned a level 5 spell: Manifold Assault
 19893 | Lair:2   | Noticed a boulder beetle
 19903 | Lair:2   | Killed a boulder beetle
 19917 | Lair:2   | Reached skill level 10 in Shields
 20242 | Lair:2   | Noticed a boulder beetle
 20260 | Lair:2   | Killed a boulder beetle
 20278 | Lair:2   | Noticed a catoblepas
 20781 | Lair:2   | Killed a catoblepas
 22219 | Lair:3   | Noticed a four-headed hydra
 22231 | Lair:3   | Killed a four-headed hydra
 22445 | Lair:3   | Noticed a boulder beetle
 22469 | Lair:3   | Killed a boulder beetle
 23039 | Lair:3   | Reached XP level 14. HP: 90/101 MP: 0/0
 23139 | Lair:3   | Found a staircase to the Shoals.
 23253 | Lair:3   | Found a staircase to the Snake Pit.
 23550 | Lair:4   | Reached ***** piety under Qazlal
 23993 | Lair:4   | Reached skill level 10 in Fighting
 25727 | Lair:5   | Found a frozen archway.
 25743 | IceCv    | Entered an ice cave
 27201 | Lair:5   | Acquired a manual of Invocations
 27532 | Lair:6   | Entered Level 6 of the Lair of Beasts
 27793 | Lair:6   | Reached XP level 15. HP: 44/111 MP: 0/0
 27793 | Lair:6   | Learned a level 6 spell: Starburst
 28808 | Lair:6   | Reached skill level 10 in Dodging
 29884 | Lair:6   | Reached ****** piety under Qazlal
 30445 | Lair:6   | Found the amulet of the Air {Inacc Air Fly rElec RMsl}
 30457 | Lair:6   | Found a staircase to the Slime Pits.
 30604 | Lair:6   | Reached skill level 10 in Invocations
 30667 | Lair:6   | Identified the +8 rapier of Seiqy {elec, +Blink}
 31578 | D:12     | Killed Azrael
 32155 | D:12     | Found Hycheyt's Antique Armour Boutique.
 32555 | D:12     | Identified the +8 arbalest of the Bruised Visions {vorpal,
                  | Int+4}
 33497 | D:13     | Reached XP level 16. HP: 108/118 MP: 0/0
 33857 | D:13     | Found a runed translucent gate.
 33869 | D:13     | Found a runed translucent gate.
 33869 | D:13     | Found a runed translucent gate.
 34605 | D:14     | Found a gate to the Vaults.
 34605 | D:14     | Noticed Urug
 34888 | D:14     | Killed Urug
 36979 | D:15     | Entered Level 15 of the Dungeon
 36995 | D:15     | Noticed a fire giant
 37010 | D:15     | Killed a fire giant
 37396 | D:15     | Found a staircase to the Depths.
 38199 | D:15     | Found Lufacsok's Jewellery Shop.
 38211 | D:15     | Bought the amulet of Suspected Treachery {Reflect rPois
                  | Will+ SH+5} for 702 gold pieces
 38346 | D:15     | Found Ginaihey's Assorted Antiques.
 38361 | D:15     | Bought a scroll labelled NERPHO LOKH for 30 gold pieces
 39118 | Orc:1    | Entered Level 1 of the Orcish Mines
 39831 | Orc:2    | Entered Level 2 of the Orcish Mines
 40134 | Orc:2    | Found a staircase to the Elven Halls.
 40187 | Orc:2    | Reached skill level 1 in Short Blades
 40884 | Orc:2    | Reached XP level 17. HP: 79/125 MP: 0/0
 40884 | Orc:2    | Learned a level 7 spell: Malign Gateway
 41621 | Orc:2    | Found Viulir's Magic Scroll Emporium.
 41621 | Orc:2    | Found Pacrokoo's General Store.
 41622 | Orc:2    | Found Ciappati's Magic Scroll Boutique.
 41622 | Orc:2    | Found Russeas's General Store.
 41644 | Orc:2    | Bought a scarf of resistance for 448 gold pieces
 41706 | Orc:2    | Found Tixteh's Antique Armour Shoppe.
 41971 | Orc:2    | Bought a pair of runed gloves for 165 gold pieces
 42013 | Orc:2    | Bought a scroll of acquirement for 624 gold pieces
 42013 | Orc:2    | Acquired 498 gold pieces
 42017 | Orc:2    | Bought a scroll of acquirement for 728 gold pieces
 42017 | Orc:2    | Acquired the ring of Poedif {rN+ Int+6 Dex+7}
 42122 | Orc:2    | Found a burning altar of Makhleb.
 42606 | D:8      | Killed Ge0ff's ghost
 43061 | Snake:1  | Entered Level 1 of the Snake Pit
 43078 | Snake:1  | HP: 6/125 [naga warrior/+0 scimitar (13)]
 43078 | Snake:1  | HP: 2/125 [naga warrior/+0 scimitar (4)]
 43079 | Snake:1  | Slain by a mana viper

Illustrated notes

Levels and vault maps discovered:
D:1:      dpeg_arrival_pond, layout_basic, minmay_door_square
D:2:      layout_basic, uniq_sigmund, uniq_crazy_yiuf_cottage
D:3:      layout_basic, hellmonk_ecumenical_altar_defaced_shrine,
          kennysheep_generic_room_2
D:4:      layout_basic, xom_teletrap_fun, zin_treasury, serial_shops, shop,
          nicolae_shop_behind_doors, shop, kennysheep_mini
D:5:      layout_gridville, lemuel_tele_altar,
          minmay_temple_entry_enclosed_plants, uniq_blork_the_orc
D:6:      minmay_chambers_of_fours, layout_basic, hangedman_ru_absence,
          hangedman_abyss_or_decor_passed, uniq_menkaure
D:7:      layout_cave_pools, nicolae_overflow_crystal_walls, serial_gnoll_camp,
          gnoll_camp_mini_house, gnoll_camp_huts_basic,
          gnoll_camp_mini_doghouse, gnoll_camp_mini_shop, gnoll_camp_medium_01,
          gnoll_camp_mini_hut
D:8:      layout_loops_ring, okawaru_ov_weapons_minmay, gammafunk_ghost_icy
D:9:      layout_big_octagon, nemelex_diamond_rough_becter,
          kennysheep_mini_moat, minmay_fractal_squares_5, uniq_grum,
          uniq_joseph, uniq_prince_ribbit1
D:10:     layout_roguey, nicolae_elyvilon_temple_path,
          nicolae_dithmenos_the_darkroom, david_lair_generic, erik_orc_1,
          serial_curves, eino_curves_04, eino_curves_03, serial_park_tiny_2,
          minivault_8
D:11:     layout_loops_corners, hellmonk_bongcloud_opening, uniq_fannar
D:12:     layout_layer_cave, serial_shops, shop_fountains,
          lemuel_zombie_altar_kikubaaqudgha, uniq_azrael
D:13:     layout_cave_pools, ploomutoo_gammafunk_ghost_potion_laboratory
D:14:     layout_basic, david_vaults_3, corexii_leaking_fountain,
          minmay_statue_bubble
D:15:     grunt_enter_depths_giant_problem, layout_gridville,
          hangedman_decor_slide_cut, serial_shops, nicolae_shop_statue_plus,
          nicolae_shop_overgrown_old_shop, drop_trap
Temple:   minmay_temple_forest_path
Lair:1:   layout_layer_cave, minmay_holes, serial_bayou_shore_b
Lair:2:   layout_small_grid, infiniplex_staircase_pool_2
Lair:3:   layout_hall_layers, minmay_shoals_entry_beasts,
          guppyfry_snake_entry_garden, lemuel_old_faithful, serial_bayou_shore_a
Lair:4:   layout_regular_city
Lair:5:   layout_regular_city, portal_ice_cave_entry_pillars_1
Lair:6:   gammafunk_lair_ancient_temple, layout_regular_city,
          minmay_slime_entry_pillars, serial_bayou_shore_b
Snake:1:  layout_layer_cave, ebering_ghost_xom, minmay_shop_star,
          grunt_megastairs_1, lemuel_fruit_tree
Orc:1:    layout_caves
Orc:2:    st_orc_elflike, layout_caves, serial_shops, shop, bloody_makhleb

Skill      XL: |  1  2  3  4  5  6  7  8  9 10 11 12 13 14 15 16 17 |
---------------+----------------------------------------------------+-----
Fighting       | 1 2 3 4 5 7 8 9 11 12 | 12.9
Spellcasting   | 3 4 5 7 8 9 10 11 12 13 | 13.5
Dodging        | 3 7 8 9 10 11 12 | 12.0
Invocations    | 1 4 6 8 10 11 | 11.8
Shields        | 3 7 9 10 11 13 | 13.5
Short Blades   | 1 3 |  3.1
Stealth        | |  1.5

Action                   |  1- 3 |  4- 6 |  7- 9 | 10-12 | 13-15 | 16-18 || total
-------------------------+-------+-------+-------+-------+-------+-------++-------
Melee: Unarmed           |     1 |       |       |       |       |       ||     1
       Dagger            |       |     5 |       |       |       |       ||     5
       Scimitar          |       |       |     7 |    23 |    24 |       ||    54
       Rapier            |       |       |       |       |    33 |    42 ||    75
 Cast: Foxfire           |    48 |    73 |   140 |     6 |       |     4 ||   271
       Inner Flame       |     1 |     5 |    63 |   137 |   195 |   100 ||   501
       Sticky Flame      |       |     2 |     8 |    19 |    64 |    35 ||   128
       Searing Ray       |       |       |       |    64 |   141 |    57 ||   262
       Magic Dart        |       |       |       |   124 |    62 |    13 ||   199
       Fireball          |       |       |       |       |     3 |     2 ||     5
       Starburst         |       |       |       |       |     7 |    34 ||    41
       Passage of Golubr |       |       |       |       |       |     2 ||     2
       Manifold Assault  |       |       |       |       |       |     1 ||     1
       Malign Gateway    |       |       |       |       |       |     1 ||     1
Invok: Elemental Force   |       |       |       |       |     1 |       ||     1
       Disaster Area     |       |       |       |       |       |     1 ||     1
Evoke: Wand              |       |       |     1 |       |       |     1 ||     2
  Use: Scroll            |     1 |     7 |     4 |     7 |     9 |     5 ||    33
       Potion            |       |       |       |       |     1 |       ||     1
 Stab: Sleeping          |     1 |     1 |       |       |       |       ||     2
Armor: Robe              |     3 |    12 |       |     5 |    25 |    14 ||    59
       Leather armour    |       |       |    10 |     6 |       |       ||    16
Dodge: Dodged            |    17 |    12 |    19 |    49 |    83 |    69 ||   249
       Repelled          |       |       |       |     3 |     3 |     6 ||    12
Block: Other             |       |       |    11 |     1 |       |       ||    12
       Reflection        |       |       |     3 |     9 |    24 |    44 ||    80
       Kite shield       |       |       |       |   106 |   325 |   246 ||   677
       Rpst.: Scimitar   |       |       |     3 |     9 |    11 |       ||    23

Table legend: (Time is in decaauts)
 A = Elapsed time spent in this place.
 B = Non-inter-level travel time spent in this place.
 C = Inter-level travel time spent in this place.
 D = Time resting spent in this place.
 E = Time spent auto-exploring this place.
 F = Levels seen in this place.
 G = Mean time per level.
                   A        B        C        D        E       F      G
               +--------+--------+--------+--------+--------+-----+--------+
         Total |  43150 |  41084 |   2066 |   2492 |  33920 |  26 | 1659.6 |
       Dungeon |  26784 |  25370 |   1414 |   1777 |  20642 |  15 | 1785.6 |
        Temple |    409 |    349 |     60 |      0 |    340 |   1 |  409.0 |
          Lair |  11610 |  11130 |    480 |    715 |   9346 |   6 | 1935.0 |
     Snake Pit |     17 |     17 |      0 |      0 |      0 |   1 |   17.0 |
  Orcish Mines |   3222 |   3111 |    111 |      0 |   2718 |   2 | 1611.0 |
      Ice Cave |   1106 |   1106 |      0 |      0 |    874 |   1 | 1106.0 |
               +--------+--------+--------+--------+--------+-----+--------+

Top non-repeatable levels by time:
    D:10: 2646 daAuts
     D:8: 2522 daAuts
  Lair:6: 2470 daAuts
    D:12: 2438 daAuts
    D:14: 2401 daAuts
     D:7: 2392 daAuts
   Orc:2: 2155 daAuts
  Lair:5: 2079 daAuts
     D:9: 1940 daAuts
  Lair:4: 1831 daAuts
  Lair:3: 1807 daAuts
    D:15: 1778 daAuts
    D:11: 1738 daAuts
  Lair:1: 1714 daAuts
  Lair:2: 1707 daAuts
